 Dungeon Crawl Stone Soup version 0.29-a0-284-gf9362112df (webtiles) character file.

Game seed: 4819778823469974197

408 oldriver the Sneak (level 6, -1/46 (56) HPs)
             Began as a Naga Hunter on Mar 18, 2022.
             Slain by Edmund
             ... wielding a +2 flail of draining
              (3 damage)
             ... on level 4 of the Dungeon.
             The game lasted 00:06:51 (2987 turns).

oldriver the Sneak (Naga Hunter)                    Turns: 2987, Time: 00:06:52

HP:   -1/46 (56)    AC:  5    Str: 14    XL:     6   Next: 88%
MP:   6/6           EV: 10    Int:  9    God:
Gold: 172           SH:  0    Dex: 16    Spells: 5/5 levels left

rFire   . . .      SeeInvis +   a - +1 shortbow
rCold   + . .      Faith    .   (shield currently unavailable)
rNeg    . . .      Spirit   .   f - +1 leather armour
rPois   +          Reflect  .   (no helmet)
rElec   .          Harm     .   w - +0 cloak
rCorr   .          Rampage  .   (no gloves)
Will    .....                   (no barding)
Stlth   +++.......              (no amulet)
HPRegen 0.15/turn               d - ring of protection from cold
MPRegen 0.10/turn               m - ring of flight

@: flying, heavily drained, very slow
A: AC +2, large, see invisible, deformed body, poison resistance, slowness 2,
spit poison 1, naga tail 1
a: Spit Poison


You were on level 4 of the Dungeon.
You visited 1 branch of the dungeon, and saw 4 of its levels.

You collected 172 gold pieces.

Inventory:

Hand Weapons
 a - a +1 shortbow (weapon)
 b - a +2 dagger of electrocution
Missiles
 p - 11 poisoned darts
Armour
 f - a +1 leather armour (worn)
 w - a +0 cloak (worn)
Jewellery
 d - a ring of protection from cold (left hand)
 m - a ring of flight (right hand)
Scrolls
 c - 2 scrolls of immolation
 i - 2 scrolls of silence
 j - 3 scrolls of teleportation
 k - a scroll of magic mapping
 n - 3 scrolls of fog
 o - 3 scrolls of blinking
 s - a scroll of vulnerability
 u - a scroll of amnesia
 v - a scroll of identify
Potions
 g - a potion of flight {unknown}
 l - a potion of haste
 q - 3 potions of curing
 r - a potion of heal wounds


   Skills:
 + Level 3.6 Fighting
 - Level 2.0 Short Blades
 + Level 4.7 Bows
 + Level 3.1 Dodging
 + Level 5.0 Stealth


You had 5 spell levels left.
You didn't know any spells.
Your spell library contained the following spells:

 Spells                   Type           Power      Damage    Failure   Level
 Freeze                   Ice            0%         1d3       45%         1
 Magic Dart               Conj           0%         1d3       45%         1
 Searing Ray              Conj           0%         2d4       61%         2
 Frozen Ramparts          Ice            0%         1d2       83%         3
 Fulminant Prism          Conj/Hex       0%         3d6       99%         4
 Hailstorm                Conj/Ice       0%         3d3       99%         4


Dungeon Overview and Level Annotations

Branches:
Dungeon (4/15)
 Temple: D:4-7

Altars:

Annotations:
D:4 Edmund


Innate Abilities, Weirdness & Mutations

Your serpentine skin is tough. (AC +2)
You have supernaturally acute eyesight. (SInv)
Armour fits poorly on your strangely shaped body.
Your system is resistant to poisons. (rPois)
You cover ground very slowly.
You can spit poison.
You have a snake-like lower body.


Message History

You feel drained.
You hit Edmund but do no damage.
Edmund is almost dead.
Edmund looks more healthy.
Edmund says, "Everyone always remembers my brother. 'Who's Edmund?' they ask!"
Edmund hits you with a +2 flail of draining!
You feel drained.
You hit Edmund but do no damage.
Edmund is almost dead.
Edmund hits you with a +2 flail of draining.
You feel drained.
You hit Edmund but do no damage.
Edmund is almost dead.
Edmund says, "A flail is better than a scythe, any day of the week!"
Edmund zaps a wand.
The puff of flame misses you.
You hit Edmund but do no damage.
Edmund is almost dead.
Edmund closely misses you.
You barely miss Edmund.
Edmund is almost dead.
Edmund hits you with a +2 flail of draining!
You feel drained.
You are too injured to fight recklessly!
You hit Edmund.
Edmund is almost dead.
Edmund hits you with a +2 flail of draining.
* * * LOW HITPOINT WARNING * * *
You feel drained.
Your +2 dagger of electrocution stops crackling.
a - a +1 shortbow (weapon)
Shoot: a) +1 shortbow
Press: ? - help, Shift-Dir - straight line, f/p - Edmund
Aim: Edmund, wielding a +2 flail of draining, wearing a +4 chain mail of cold resistance and carrying a wand of flame (11) (almost dead, 71% to hit)
You shoot an arrow.
The arrow hits Edmund but does no damage.
Edmund is almost dead.
Edmund hits you with a +2 flail of draining!
* * * LOW HITPOINT WARNING * * *
You feel drained.
You die...

#######......#
.............#
.............#
.............#
.............#
.)...........#
......@......#
################@.....##
.......^....<...........
#...#####.######......##
....'.............#.....
#...####.......####.####
##### #.......# # ##
#.......# .# #....)..#
.# #.......#


You could see Edmund.

Vanquished Creatures
  A black bear (D:4)
  A phantom (D:4)
  A scorpion (D:3)
  Terence (D:2)
  An orc wizard (D:4)
  A gnoll (D:3)
  3 adders
  A dart slug (D:4)
  A worm (D:3)
  6 orcs
  5 bats
  8 endoplasms
  6 giant cockroaches
  12 hobgoblins
  11 jackals
  A quokka (D:3)
  6 ball pythons
  3 frilled lizards
  4 goblins
  4 kobolds
  3 rats
80 creatures vanquished.

Notes
Turn   | Place    | Note
-------+----------+-------------------------------------------
     0 | D:1      | oldriver the Naga Hunter began the quest for the Orb.
     0 | D:1      | Reached XP level 1. HP: 19/19 MP: 1/1
   164 | D:1      | Reached skill level 2 in Stealth
   174 | D:1      | Reached XP level 2. HP: 26/26 MP: 2/2
   306 | D:1      | You fall into a shaft and drop 1 floor!
   307 | D:2      | Noticed Terence
   316 | D:2      | Killed Terence
   317 | D:2      | Reached XP level 3. HP: 29/33 MP: 3/3
   365 | D:2      | Reached skill level 3 in Stealth
   603 | D:2      | Reached XP level 4. HP: 40/40 MP: 4/4
  1422 | D:3      | Noticed a scorpion
  1573 | D:3      | Killed a scorpion
  1574 | D:3      | Reached skill level 1 in Short Blades
  1574 | D:3      | Reached XP level 5. HP: 42/49 MP: 5/5
  1726 | D:3      | Reached skill level 4 in Stealth
  1808 | D:3      | Found a faded altar of an unknown god.
  2199 | D:4      | Noticed a phantom
  2211 | D:4      | Killed a phantom
  2212 | D:4      | Reached XP level 6. HP: 34/56 MP: 6/6
  2656 | D:4      | Noticed a black bear
  2684 | D:4      | Killed a black bear
  2685 | D:4      | Reached skill level 5 in Stealth
  2971 | D:4      | Noticed Edmund
  2987 | D:4      | HP: 2/48 [Edmund/+2 flail of draining (11)]
  2987 | D:4      | Slain by Edmund

Illustrated notes

Levels and vault maps discovered:
D:1:      dpeg_arrival_tiny_a, layout_loops_ring, hangedman_decor_points,
          feat_on_display
D:2:      layout_loops_cross, minmay_misc_feat_hallway, uniq_terence
D:3:      layout_rooms, hellmonk_ecumenical_altar_arch_garden, minmay_vboxes
D:4:      layout_basic, uniq_edmund, uniq_grinder

Skill      XL: |  1  2  3  4  5  6 |
---------------+-------------------+-----
Stealth        | 2 3 4 5 |  5.0
Dodging        | 2 3 |  3.1
Bows           | 4 |  4.7
Fighting       | 3 |  3.6
Short Blades   | 1 2 |  2.0

Action                   |  1- 3 |  4- 6 || total
-------------------------+-------+-------++-------
Melee: Dagger            |     5 |    49 ||    54
       Punch             |       |     1 ||     1
 Fire: Shortbow          |    40 |   140 ||   180
 Abil: Spit Poison       |     4 |     4 ||     8
Evoke: Wand              |       |     2 ||     2
  Use: Scroll            |       |    13 ||    13
       Potion            |       |     3 ||     3
Armor: Leather armour    |     1 |    40 ||    41
Dodge: Dodged            |     8 |    43 ||    51

Table legend: (Time is in decaauts)
 A = Elapsed time spent in this place.
 B = Non-inter-level travel time spent in this place.
 C = Inter-level travel time spent in this place.
 D = Time resting spent in this place.
 E = Time spent auto-exploring this place.
 F = Levels seen in this place.
 G = Mean time per level.
                   A        B        C        D        E       F      G
               +--------+--------+--------+--------+--------+-----+--------+
         Total |   3846 |   3794 |     52 |    282 |   2892 |   4 |  961.5 |
       Dungeon |   3846 |   3794 |     52 |    282 |   2892 |   4 |  961.5 |
               +--------+--------+--------+--------+--------+-----+--------+

Top non-repeatable levels by time:
     D:4: 1225 daAuts
     D:2: 1079 daAuts
     D:1: 820 daAuts
     D:3: 721 daAuts
